 Dungeon Sprint DCSS version 0.25.1-2-g60ff931df9 (webtiles) character file.

Game seed: 17494204795677096650

1215 lepoulpe303 the Cleaver (level 8, -1/86 HPs)
             Began as a Deep Dwarf Fighter on Sept 26, 2020.
             Was a Follower of Makhleb.
             Slain by a centaur warrior (4 damage)
             ... in the Dungeon (Sprint I: "Red Sonja").
             The game lasted 00:03:39 (362 turns).

lepoulpe303 the Cleaver (Deep Dwarf Fighter)         Turns: 362, Time: 00:03:39

Health: -1/86      AC:  8    Str: 23    XL:     8   Next: 22%
Magic:  10/10      EV:  8    Int:  8    God:    Makhleb [*.....]
Gold:   295        SH: 11    Dex: 12    Spells: 7/7 levels left

rFire    . . .     SeeInvis .   a - +0 war axe
rCold    . . .     Gourm    .   c - +0 kite shield
rNeg     . . .     Faith    .   b - +0 scale mail
rPois    .         Spirit   .   (no helmet)
rElec    .         Reflect  .   (no cloak)
rCorr    .         Harm     .   (no gloves)
MR       +....     Rnd*Rage +   (no boots) Stlth ..........NoTele +
                                (no amulet)
HPRegen  0.00/turn              (no ring)
MPRegen  0.12/turn              (no ring)

@: mighty, non-regenerating
A: damage resistance, heal wounds, berserk 1, deterioration 1, sense
surroundings 1, no regeneration
a: Heal Wounds, Renounce Religion


You were in the Dungeon.
You worshipped Makhleb.
Makhleb was aware of your devotion.
You were not hungry.

You visited 1 branch You collected 405 gold pieces.
You spent 110 gold pieces at shops.

Inventory:

Hand Weapons
 a - a +0 war axe (weapon)
Missiles
 k - 17 poisoned darts (quivered)
Armour
 b - a +0 scale mail (worn)
 c - a +0 kite shield (worn)
Scrolls
 g - a scroll of fear
 m - a scroll of holy word {!r}
 n - a scroll of brand weapon {unknown}
 B - a scroll of blinking {!r}
Potions
 h - a potion of haste
 i - 2 potions of magic
 j - a potion of berserk rage {!q}
 l - a potion of heal wounds
 q - a potion of curing
Comestibles
 e - 2 rations
 f - a chunk of flesh


   Skills:
 * Level 9.8 Fighting
 * Level 11.2 Axes
 + Level 8.5 Armour
 + Level 8.5 Shields
 * Level 6.0 Invocations


You had 7 spell levels left.
You didn't know any spells.
Your spell library was empty.

Dungeon Overview and Level Annotations

Branches:
Dungeon (1/1)

Altars:
Cheibriados
Dithmenos
Elyvilon
Fedhas
Gozag
Hepliaklqana
Kikubaaqudgha
Makhleb
Nemelex Xobeh
Okawaru
Qazlal
Ru
Sif Muna
Trog
Uskayaw
Vehumet
Wu Jian
Xom
Yredelemnul
Zin
The Shining One
Jiyva
Lugonu

Shops:
D ?


Innate Abilities, Weirdness & Mutations

You are resistant to damage.
You can heal yourself by infusing magical energy.
You passively map a small area around you.
You do not regenerate.
You tend to lose your temper in combat.
Your body sometimes deteriorates upon taking damage.


Message History

You slash the centaur warrior! You barely miss the centaur warrior.
The centaur warrior closely misses you. You block the centaur warrior's attack.
The centaur warrior closely misses you. The centaur warrior hits you.
* * * LOW HITPOINT WARNING * * *
You take 4 damage, and have 6/86 hp.
You barely miss the centaur warrior. You slash the centaur warrior!
The centaur warrior completely misses you.
The centaur warrior hits you.
* * * LOW HITPOINT WARNING * * *
You take 3 damage, and have 3/86 hp.
Your shield and scale mail prevent you from hitting the centaur warrior.
You closely miss the centaur warrior. You block the centaur warrior's attack.
The centaur warrior hits you but does no damage.
The centaur warrior hits you. x2
You barely miss the centaur warrior. You slash the centaur warrior!
The centaur warrior barely misses you. You block the centaur warrior's attack.
You fail to use your ability.
You block the centaur warrior's attack. The centaur warrior hits you. x2
The centaur warrior hits you!
You die...

##########################*
#<.#..').#..'..#__#..)...#,
#..'[.#..').#..'..'.)#...#*+
,*
#..#####'#####'#__####...+
#..####..#...#.####$[##### ,
#..#__####..##(#§≈§§(# ,
#..#_____##'#_.@c§§..+ , , ,
#⌠⌠#_.∩...'..._#c≈§..# ,,
####_..__##_.#'##+#### , ,
#_____###+#.#, * , #######
### +* , , , * * * * , ** *
*, , * +


You could see 2 centaur warriors.

Levels and vault maps discovered:
D:        dungeon_sprint_1 [red_sonja_temple_1, red_sonja_temple_small_1]

Notes
Turn   | Place    | Note
-------+----------+-------------------------------------------
     0 | D        | lepoulpe303 the Deep Dwarf Fighter began the quest for the
                  | Orb.
     0 | D        | Reached XP level 1. HP: 20/20 MP: 1/1
     1 | D        | Identified a +0 leather armour
     1 | D        | Noticed Ijyb
    29 | D        | Killed Ijyb
    29 | D        | Reached skill level 4 in Fighting
    29 | D        | Reached skill level 4 in Axes
    29 | D        | Reached skill level 4 in Armour
    29 | D        | Reached skill level 4 in Shields
    29 | D        | Reached XP level 2. HP: 13/30 MP: 2/2
    37 | D        | Identified a +0 giant spiked club
    37 | D        | Noticed an ogre
    41 | D        | HP: 2/30 [ogre/+0 giant spiked club (11)]
    43 | D        | Killed an ogre
    43 | D        | Reached skill level 5 in Fighting
    43 | D        | Reached skill level 6 in Axes
    43 | D        | Reached skill level 5 in Armour
    43 | D        | Reached skill level 5 in Shields
    43 | D        | Reached XP level 3. HP: 1/39 MP: 3/3
    43 | D        | Reached XP level 4. HP: 2/46 MP: 4/4
    56 | D        | Identified a +0 scythe
    56 | D        | Identified a +1 robe of fire resistance
    56 | D        | Noticed Sigmund
    68 | D        | Killed Sigmund
    68 | D        | Reached skill level 7 in Fighting
    68 | D        | Reached skill level 8 in Axes
    68 | D        | Reached skill level 6 in Armour
    68 | D        | Reached skill level 6 in Shields
    68 | D        | Reached XP level 5. HP: 38/57 MP: 5/5
    68 | D        | Reached XP level 6. HP: 44/66 MP: 6/6
    83 | D        | Found a shimmering blue altar of Sif Muna.
    84 | D        | Found an ornate altar of the Wu Jian Council.
    85 | D        | Found a radiant altar of Vehumet.
   128 | D        | Found Reffoar's Magic Scroll Emporium.
   128 | D        | Found an ancient bone altar of Kikubaaqudgha.
   128 | D        | Found a hazy altar of Hepliaklqana.
   128 | D        | Found a stormy altar of Qazlal.
   128 | D        | Found a hide-covered altar of Uskayaw.
   128 | D        | Found a blossoming altar of Fedhas.
   128 | D        | Found a bloodstained altar of Trog.
   128 | D        | Found an iron altar of Okawaru.
   128 | D        | Found a basalt altar of Yredelemnul.
   128 | D        | Found a glowing golden altar of the Shining One.
   128 | D        | Found a snail-covered altar of Cheibriados.
   128 | D        | Found a sacrificial altar of Ru.
   128 | D        | Found a glowing silver altar of Zin.
   128 | D        | Found a shadowy altar of Dithmenos.
   128 | D        | Found a white marble altar of Elyvilon.
   128 | D        | Noticed a yak
   141 | D        | Killed a yak
   141 | D        | Reached skill level 8 in Fighting
   141 | D        | Reached skill level 9 in Axes
   141 | D        | Reached skill level 7 in Armour
   141 | D        | Reached skill level 7 in Shields
   142 | D        | Found an opulent altar of Gozag.
   146 | D        | Found a sparkling altar of Nemelex Xobeh.
   150 | D        | Bought a scroll of holy word for 75 gold pieces
   150 | D        | Bought a scroll of fear for 35 gold pieces
   162 | D        | Found a viscous altar of Jiyva.
   162 | D        | Found a corrupted altar of Lugonu.
   162 | D        | Noticed a slime creature
   163 | D        | Found a burning altar of Makhleb.
   163 | D        | Found a shimmering altar of Xom.
   171 | D        | HP: 10/67 [slime creature (7)]
   174 | D        | Killed a slime creature
   174 | D        | Reached skill level 10 in Axes
   174 | D        | Reached XP level 7. HP: 11/75 MP: 6/6
   276 | D        | Became a worshipper of Makhleb the Destroyer
   294 | D        | Identified a +0 dagger
   294 | D        | Identified a +0 robe
   294 | D        | Noticed a kobold demonologist
   298 | D        | Noticed a smoke demon
   298 | D        | Reached skill level 9 in Fighting
   298 | D        | Reached skill level 2 in Invocations
   298 | D        | Identified a +0 dagger
   298 | D        | Identified a +0 robe
   298 | D        | Noticed a kobold demonologist
   300 | D        | Noticed a rust devil
   302 | D        | Noticed an ice devil
   307 | D        | Noticed a ynoxinul
   307 | D        | Killed a kobold demonologist
   307 | D        | Reached skill level 8 in Armour
   307 | D        | Reached skill level 8 in Shields
   307 | D        | Reached skill level 4 in Invocations
   311 | D        | Noticed a neqoxec
   319 | D        | Gained mutation: Your body sometimes deteriorates upon
                  | taking damage. [a neqoxec]
   324 | D        | Gained mutation: You tend to lose your temper in combat. [a
                  | neqoxec]
   325 | D        | Killed a kobold demonologist
   325 | D        | Reached * piety under Makhleb
   325 | D        | Reached skill level 11 in Axes
   325 | D        | Reached skill level 6 in Invocations
   325 | D        | Reached XP level 8. HP: 58/86 MP: 7/10
   345 | D        | Identified a +0 shortbow
   345 | D        | Noticed a centaur warrior
   345 | D        | Identified a +0 shortbow
   345 | D        | Noticed a centaur warrior
   355 | D        | HP: 17/86 [centaur warrior (7)]
   358 | D        | HP: 6/86 [centaur warrior (4)]
   362 | D        | Slain by a centaur warrior

Table legend:
 A = Turns spent in this place as a percentage of turns spent in the entire game.
 B = Non-inter-level travel turns spent in this place as a percentage of non-inter-level travel turns spent in the entire game.
 C = Inter-level travel turns spent in this place as a percentage of turns spent in this place.
 D = Turns resting spent in this place as a percentage of non-inter-level travel turns spent in this place.
 E = Turns spent auto-exploring this place as a percentage of non-inter-level travel turns spent in this place.
 F = Non-inter-level travel turns spent in this place divided by the number of levels of this place that you've seen.
                   A       B       C       D       E      F
               +-------+-------+-------+-------+-------+----------------------
         Total | 100.0 | 100.0 |   0.0 |  27.6 |   0.0 | 362.0
       Dungeon | 100.0 | 100.0 |   0.0 |  27.6 |   0.0 | 362.0
               +-------+-------+-------+-------+-------+----------------------

Table legend:
 A = Kills in this place as a percentage of kills in entire the game.
 B = Kills by you in this place as a percentage of kills by you in the entire game.
 C = Kills by friends in this place as a percentage of kills by friends in the entire game.
 D = Other kills in this place as a percentage of other kills in the entire game.
 E = Experience gained in this place as a percentage of experience gained in the entire game.
 F = Experience gained in this place divided by the number of levels of this place that you have seen.
                   A       B       C       D       E      F
               +-------+-------+-------+-------+-------+----------------------
         Total | 100.0 | 100.0 |   N/A |   N/A | 100.0 | 1737.0
       Dungeon | 100.0 | 100.0 |   N/A |   N/A | 100.0 | 1737.0
               +-------+-------+-------+-------+-------+----------------------

Skill      XL: |  1  2  3  4  5  6  7 |
---------------+----------------------+-----
Fighting       | 4 5 7 8 9 |  9.8
Axes           | 4 6 8 10 11 | 11.2
Armour         | 4 5 6 7 8 |  8.5
Shields        | 4 5 6 7 8 |  8.5
Invocations    | 6 |  6.0

Action                   |  1- 3 |  4- 6 |  7- 9 || total
-------------------------+-------+-------+-------++-------
Melee: War axe           |    32 |    39 |    40 ||   111
Throw: Dart              |       |       |     3 ||     3
 Abil: Heal Wounds       |     1 |     4 |     3 ||     8
  Use: Potion            |       |       |     1 ||     1
Armor: Scale mail        |    12 |     3 |    24 ||    39
Dodge: Dodged            |     3 |     8 |    23 ||    34
Block: Kite shield       |    20 |    12 |    36 ||    68

Vanquished Creatures
  2 kobold demonologists (D)
  A slime creature (D)
  Sigmund (D)
  A yak (D)
  A floating eye (D)
  An ogre (D)
  A jelly (D)
  Ijyb (D)
9 creatures vanquished.
